 Dungeon Crawl Stone Soup version 0.19.5 (webtiles) character file.

87 tidbits the Slasher (level 4, -3/29 HPs)
             Began as a High Elf Skald on Nov 14, 2017.
             Slain by a worker ant (6 damage)
             ... on level 4 of the Dungeon.
             The game lasted 00:08:11 (1281 turns).

tidbits the Slasher (High Elf Skald)                Turns: 1281, Time: 00:08:12

Health: -3/29      AC:  3    Str: 12    XL:     4   Next: 28%
Magic:  10/17      EV: 11    Int: 16    God:
Gold:   110        SH:  0    Dex: 14    Spells: 4 memorised, 0 levels left

rFire  . . .     SeeInvis .     a - +0 falchion
rCold  . . .     Gourm    .     b - +0 leather armour
rNeg   . . .     Faith    .     (no shield)
rPois  .         Spirit   .     (no helmet)
rElec  .         Reflect  .     (no cloak)
rCorr  .         Harm     .     (no gloves)
MR     .....                    (no boots)
Stlth  +.........               s - amulet of inaccuracy (curse)
                                (no ring)
                                t - ring of magical power

@: lethally poisoned (-3 -> -21), infused, very slightly contaminated
A: no striking features
a: no special abilities


You were on level 4 of the Dungeon.
You were hungry.

You visited 1 branch of the dungeon, and saw 4 of its levels.

You collected 110 gold pieces.

Inventory:

Hand Weapons
 a - a +0 falchion (weapon)
 p - a +1 vampiric whip
   (You found it on level 2 of the Dungeon)
Missiles
 e - 6 bolts
 g - 15 sling bullets
 i - 2 tomahawks (quivered)
 q - 18 stones
Armour
 b - a +0 leather armour (worn)
Jewellery
 j - an uncursed ring of fire
   (You found it on level 2 of the Dungeon)
 s - a cursed amulet of inaccuracy (around neck)
   (You found it on level 2 of the Dungeon)
 t - a ring of magical power (left hand)
   (You found it on level 2 of the Dungeon)
Scrolls
 k - a scroll of identify {unknown}
 l - a scroll of remove curse {unknown}
 m - 2 scrolls of teleportation {unknown}
 n - 2 scrolls of fog
 o - a scroll of immolation {unknown}
Potions
 f - a potion of haste
Books
 c - a book of Battle

   Spells                             Type                      Level
   a - Infusion                       Charms                       1
   b - Shroud of Golubria             Charms/Translocation         2
   c - Song of Slaying                Charms                       2
   d - Spectral Weapon                Hexes/Charms                 3
   e - Regeneration                   Charms/Necromancy            3
Comestibles
 d - 2 bread rations
 h - 7 fruits
 r - a beef jerky


   Skills:
 - Level 2.0 Fighting
 + Level 5.4 Long Blades
 - Level 0.8 Armour
 - Level 1.1 Dodging
 - Level 2.5 Spellcasting
 - Level 3.6 Charms


You couldn't memorise any spells.
You knew the following spells:

 Your Spells              Type           Power        Failure   Level  Hunger
g - Shroud of Golubria    Chrm/Tloc      #.........   21%         2    ##.....
i - Infusion              Chrm           ##..         8%          1    #......
r - Regeneration          Chrm/Necr      #.........   41%         3    ###....
y - Song of Slaying       Chrm           ##......     12%         2    ##.....


Dungeon Overview and Level Annotations

Branches:
Dungeon (4/15)
 Temple: D:4-7

Altars:


Message History

Your shroud begins to fray at the edges.
You are no longer magically infusing your attacks.
Your shroud unravels.
There is a stone staircase leading down here.
You climb downwards.
There is a stone staircase leading up here.
You see here a bat skeleton.
You now have 89 gold pieces (gained 10).
A goblin comes into view.
Found a scale mail.
Found a stone staircase leading down.
Casting: Shroud of Golubria
Confirm with . or Enter, or press ? or * to list all spells.
You begin infusing your attacks with magical energy.
The helpless goblin fails to defend itself.
You hit the goblin.
You kill the goblin!
Things that are here:
a scale mail; a goblin corpse
There is a stone staircase leading down here.
You open the door.
Your magical infusion is running out.
There is an open door here.
There is a stone staircase leading down here.
You climb downwards.
There is a stone staircase leading up here.
You are no longer magically infusing your attacks.
You are feeling hungry.
A leopard gecko skeleton comes into view.
Casting: Infusion
Confirm with . or Enter, or press ? or * to list all spells.
You begin infusing your attacks with magical energy.
You hit the leopard gecko skeleton!
You destroy the leopard gecko skeleton!
You open the door.
There is an open door here.
Found 6 gold pieces.
You now have 95 gold pieces (gained 6).
Found a beef jerky.
Found 15 gold pieces.
Found an escape hatch in the floor.
r - a beef jerky Your magical infusion is running out.
There is an escape hatch in the floor here.
You are no longer magically infusing your attacks.
You now have 110 gold pieces (gained 15).
A worker ant comes into view.
The worker ant twitches its antennae in your direction.
Found a leather armour.
Found 13 gold pieces.
Casting: Infusion
Confirm with . or Enter, or press ? or * to list all spells.
You begin infusing your attacks with magical energy.
Casting: Infusion
Confirm with . or Enter, or press ? or * to list all spells.
Space distorts slightly along a thin shroud covering your body.
You barely miss the worker ant. The worker ant bites you.
You are poisoned.
The worker ant poisons you!
Your shroud falls apart!
The worker ant barely misses you.
You miss the worker ant.
You feel sick. The worker ant bites you.
You barely miss the worker ant.
You feel sick. The worker ant misses you.
You hit the worker ant.
The worker ant is lightly wounded.
You feel sick. The worker ant closely misses you. The worker ant bites you.
You are more poisoned.
The worker ant poisons you!
You barely miss the worker ant.
The worker ant is lightly wounded.
You feel sick. The worker ant completely misses you.
You miss the worker ant.
The worker ant is lightly wounded.
You feel sick. The worker ant bites you.
* * * LOW HITPOINT WARNING * * *
You are more poisoned.
The worker ant poisons you!
You closely miss the worker ant.
The worker ant is lightly wounded.
* * * LOW HITPOINT WARNING * * *
You feel sick. The worker ant bites you.
* * * LOW HITPOINT WARNING * * *
You hit the worker ant.
The worker ant is moderately wounded.
* * * LOW HITPOINT WARNING * * *
You feel sick.
The worker ant barely misses you. x2; You riposte.
You hit the worker ant.
The worker ant is moderately wounded.
You hit the worker ant.
The worker ant is severely wounded.
* * * LOW HITPOINT WARNING * * *
You feel sick.
The worker ant bites you but does no damage.
Casting: Shroud of Golubria
Confirm with . or Enter, or press ? or * to list all spells.
You miscast Regeneration.
You are very lightly contaminated with residual magic.
Your hands glow momentarily.
* * * LOW HITPOINT WARNING * * *
You feel sick. The worker ant bites you.
You die...

.##.....##
.#.......## ##..$
..........# #[..#
..........+ .....
..........# ....
.#.......# #..#
.##.....##
#..####.#
.###...##
#.a.....# .# ##'##
#@# .###...## #.#
.##.###.########.#
###.# #.....>....#
....###.##########
........##
.........#
......##.# .....##
.#


You could see a worker ant.

Vanquished Creatures
  An orc wizard (D:3)
  2 adders
  An ooze (D:2)
  2 worms (D:2)
  A dart slug (D:2)
  A leopard gecko (D:3)
  A giant cockroach (D:2)
  5 goblins
  A hobgoblin (D:1)
  A jackal (D:1)
  4 kobolds
  A quokka (D:2)
  A ball python (D:2)
  7 bats
  A frilled lizard (D:1)
  A leopard gecko skeleton (D:4)
  4 rats
35 creatures vanquished.

Notes
Turn   | Place    | Note
-------+----------+-------------------------------------------
     0 | D:1      | tidbits the High Elf Skald began the quest for the Orb.
     0 | D:1      | Reached XP level 1. HP: 14/14 MP: 4/4
   184 | D:1      | HP: 1/14 [bat (1)]
   186 | D:1      | Reached skill level 3 in Long Blades
   352 | D:1      | Reached XP level 2. HP: 7/19 MP: 4/6
   389 | D:2      | Learned a level 2 spell: Song of Slaying
   392 | D:2      | Learned a level 2 spell: Shroud of Golubria
   521 | D:2      | Reached skill level 4 in Long Blades
   591 | D:2      | Reached XP level 3. HP: 5/24 MP: 2/7
   891 | D:3      | Reached skill level 5 in Long Blades
   891 | D:3      | Reached XP level 4. HP: 12/29 MP: 2/8
   897 | D:3      | Learned a level 3 spell: Regeneration
  1281 | D:4      | Slain by a worker ant

Skill      XL: |  1  2  3 |
---------------+----------+-----
Long Blades    | 3 4 5 |  5.4
Fighting       | |  2.0
Armour         | |  0.8
Dodging        | |  1.1
Spellcasting   | |  2.5
Charms         | |  3.6

Action                   |  1- 3 |  4- 6 || total
-------------------------+-------+-------++-------
Melee: Falchion          |    84 |    22 ||   106
Throw: Tomahawk          |     2 |       ||     2
 Cast: Infusion          |    17 |     7 ||    24
       Shroud of Golubri |     4 |     2 ||     6
       Regeneration      |       |     2 ||     2
  Use: Potion            |     2 |     1 ||     3
       Scroll            |       |     1 ||     1
 Stab: Sleeping          |       |     1 ||     1
  Eat: Chunk             |     1 |     2 ||     3
Armor: Leather armour    |    31 |     5 ||    36
Dodge: Dodged            |    55 |    22 ||    77
       Rpst.: Falchion   |    14 |     7 ||    21

Table legend:
 A = Turns spent in this place as a percentage of turns spent in the entire game.
 B = Non-inter-level travel turns spent in this place as a percentage of non-inter-level travel turns spent in the entire game.
 C = Inter-level travel turns spent in this place as a percentage of turns spent in this place.
 D = Turns resting spent in this place as a percentage of non-inter-level travel turns spent in this place.
 E = Turns spent auto-exploring this place as a percentage of non-inter-level travel turns spent in this place.
 F = Non-inter-level travel turns spent in this place divided by the number of levels of this place that you've seen.
                   A       B       C       D       E      F
               +-------+-------+-------+-------+-------+----------------------
         Total | 100.0 | 100.0 |   0.2 |   0.0 |   0.0 | 275.0
       Dungeon | 100.0 | 100.0 |   0.2 |   0.0 |   0.0 | 275.0
               +-------+-------+-------+-------+-------+----------------------

Table legend:
 A = Kills in this place as a percentage of kills in entire the game.
 B = Kills by you in this place as a percentage of kills by you in the entire game.
 C = Kills by friends in this place as a percentage of kills by friends in the entire game.
 D = Other kills in this place as a percentage of other kills in the entire game.
 E = Experience gained in this place as a percentage of experience gained in the entire game.
 F = Experience gained in this place divided by the number of levels of this place that you have seen.
                   A       B       C       D       E      F
               +-------+-------+-------+-------+-------+----------------------
         Total | 100.0 | 100.0 |  -nan |  -nan | 100.0 |  31.2
       Dungeon | 100.0 | 100.0 |  -nan |  -nan | 100.0 |  31.2
               +-------+-------+-------+-------+-------+----------------------

Vault maps used:
D:1:      moated_graveyard_arrival, serial_park_tiny_1
D:2:      kennysheep_cross_room, hangedman_abyss_or_decor_stabs
D:3:      nicolae_overflow_crystal_walls
D:4:      lemuel_crystal_altar, uniq_pikel
